 Dungeon Crawl Stone Soup version 0.31.0-9-g3a7656b989 (webtiles) character file.

Game seed: 4678064567562353785

38742 qw the Marksdemigod (level 13, -5/111 HPs)
             Began as a Demigod Hunter on Feb 2, 2024.
             Slain by an eight-headed hydra (6 damage)
             ... on level 5 of the Lair of Beasts.
             The game lasted 00:01:48 (14925 turns).

qw the Marksdemigod (Demigod Hunter)               Turns: 14925, Time: 00:01:48

Health: -5/111     AC: 18    Str: 12    XL:     13   Next: 32%
Magic:  16/16      EV: 26    Int: 11    God:
Gold:   755        SH:  5    Dex: 39    Spells: 12/12 levels left

rFire   . . .        w - +4 longbow (freeze)
rCold   + . .        (shield currently unavailable)
rNeg    + + .        h - +2 acid dragon scales
rPois   .            k - +1 helmet
rElec   .            f - +0 cloak
rCorr   +            (no gloves)
SInv    .            r - +0 pair of boots
Will    +....        s - amulet "Daideloll" {Reflect rC+ rN++ SH+5}
Stlth   +++          p - +6 ring of dexterity
HPRegen 0.38/turn    v - +4 ring of protection
MPRegen 0.15/turn

%: reflection
@: about to teleport
A: high MP 1, forlorn, divine attributes
a: no special abilities


You were on level 5 of the Lair of Beasts.
You visited 2 branches of the dungeon, and saw 16 of its levels.

You collected 1128 gold pieces.
You spent 373 gold pieces at shops.


Innate Abilities, Weirdness & Mutations

You have an increased reservoir of magic. (+10% MP)
You shall have no god before yourself.
Your divine heritage dramatically boosts your attributes as you level up.


   Skills:
 - Level 9.1 Fighting
 + Level 16.5 Ranged Weapons
 - Level 5.0 Armour
 - Level 11.0 Dodging
 - Level 0.8 Stealth


You had 12 spell levels left.
You didn't know any spells.
Your spell library was empty.

Inventory:

Hand Weapons
 w - a +4 longbow of freezing (weapon)
Armour
 f - a +0 cloak (worn)
 h - +2 acid dragon scales (worn)
 k - a +1 helmet (worn)
 r - a +0 pair of boots (worn)
 u - a +0 troll leather armour
Jewellery
 p - a +6 ring of dexterity (left hand)
 s - the amulet "Daideloll" (around neck) {Reflect rC+ rN++ SH+5}
   (You found it on level 11 of the Dungeon)

   [amulet of reflection]

   Reflect:   It reflects blocked missile attacks.
   rC+:       It protects you from cold.
   rN++:      It greatly protects you from negative energy.
   SH+5:      It affects your SH (+5).
 v - a +4 ring of protection (right hand)
Wands
 b - a wand of quicksilver (11)
 d - a wand of polymorph (12)
 i - a wand of paralysis (10)
 j - a wand of digging (7)
 l - a wand of roots (21)
Scrolls
 e - 3 scrolls of identify
Potions
 a - 11 potions of curing
 c - 2 potions of mutation
 g - 5 potions of resistance
 n - a potion of enlightenment

Dungeon Overview and Level Annotations

Branches:
Dungeon (11/15)            Temple (0/1) D:5            Lair (5/5) D:10
 Shoals (0/4) Lair:3        Snake (0/4) Lair:2
  Slime: Lair:4-5       Orc: D:9-12

Shops:
D:3 !   D:9 (

Portals:
Bailey: D:8

Annotations:
D:4 Edmund
D:11 1 runed translucent door, qw's ghost, journeyman DjHu
Lair:3 2 transporters


Message History

You feel strangely unstable. The goliath frog barely misses you.
The goliath frog misses you.
You shoot an arrow.
The arrow barely misses the goliath frog.
The goliath frog misses you.
You shoot an arrow. The arrow hits the goliath frog!
The arrow freezes the goliath frog.
The goliath frog is heavily wounded.
Your surroundings suddenly seem different.
The blink frog croaks.
You block the blink frog's attack.
14923 ||| READING scroll of teleportation.
As you read the scroll of teleportation, it crumbles to dust.
You feel strangely unstable. You block the blink frog's attack.
You shoot an arrow. The arrow hits the eight-headed hydra.
The arrow freezes the eight-headed hydra.
The eight-headed hydra is lightly wounded.
The blink frog closely misses you.
A vampire mosquito comes into view.
The komodo dragon barely misses you. The blink frog misses you.
The eight-headed hydra bites you. The eight-headed hydra bites you!
The eight-headed hydra completely misses you.
You block the eight-headed hydra's attack.
The eight-headed hydra completely misses you.
The eight-headed hydra bites you!
The eight-headed hydra bites you but does no damage.
The eight-headed hydra completely misses you.
You shoot an arrow. The vampire mosquito buzzes angrily.
The arrow hits the eight-headed hydra!!!
The arrow freezes the eight-headed hydra!
The eight-headed hydra is almost dead.
Something gores the fungus!!
The fungus begins to die.
You block the komodo dragon's attack. The blink frog completely misses you.
The eight-headed hydra barely misses you.
The eight-headed hydra closely misses you.
The eight-headed hydra bites you but does no damage.
The eight-headed hydra bites you.
You die...

.... .... ....P
P# # ######....#
...#.#..P#.....#
........D.....#
.......@l.....#
........F....P#
..y.....%....##
........#....#
P....#.##P.....#
....P.. ...#..#
....PP. ###. ..
.....PP .. .
...P ..


You could see an eight-headed hydra, a komodo dragon, a blink frog and a vampire
mosquito.

Vanquished Creatures
  2 hydras (Lair:3)
  4 death yaks (Lair:4)
  3 skysharks
  Pikel (D:6)
  A lindwurm (Lair:5)
  A manticore (D:11)
  3 black mambas
  11 elephants (Lair:3)
  11 cane toads
  A gargoyle (D:11)
  Maggie (D:6)
  2 rime drakes
  Jeremiah (D:6)
  11 komodo dragons
  A polar bear (Lair:1)
  2 trolls
  A tyrant leech (Lair:5)
  14 blink frogs
  A hornet (D:10)
  A snapping turtle (Lair:3)
  3 wraiths
  5 wyverns
  A water elemental (Lair:3)
  48 yaks
  7 vampire mosquitoes
  2 basilisks (Lair:3)
  3 steam dragons
  4 nagas (Lair:2)
  19 water moccasins
  An acid dragon (D:11)
  An ice beast (D:6)
  5 orc warriors
  2 black bears
  2 sky beasts
  6 wolves (Lair:2)
  3 centaurs
  2 ogres
  2 lemures (D:6)
  A phantom (D:6)
  A kobold brigand (D:8)
  13 bullfrogs
  2 gnoll sergeants
  2 scorpions
  7 wights
  9 howler monkeys
  7 hounds
  A gnoll bouda (D:5)
  2 orc priests
  A sleepcap (D:4)
  4 iguanas
  2 orc wizards
  13 gnolls
  7 adders
  2 shadow imps
  A white imp (D:8)
  2 dart slugs (D:2)
  21 orcs
  8 endoplasms
  2 giant cockroaches
  9 hobgoblins
  9 jackals
  17 kobolds
  2 quokkas
  8 ball pythons
  5 bats
  2 frilled lizards
  12 goblins
  5 rats
366 creatures vanquished.

Vanquished Creatures (others)
  An orc wizard (D:8)
  An orc (D:9)
2 creatures vanquished.

Grand Total: 368 creatures vanquished

Notes
Turn   | Place    | Note
-------+----------+-------------------------------------------
     0 | D:1      | qw the Demigod Hunter began the quest for the Orb.
     0 | D:1      | Reached XP level 1. HP: 17/17 MP: 3/3
     0 | D:1      | 0 ||| qw: Version: 0.3-a-155-g5e7d8dd
     0 | D:1      | 0 ||| qw: Game counter: 158
     0 | D:1      | 0 ||| qw: Melee chars always use a shield: true
     0 | D:1      | 0 ||| qw: God list: Okawaru
     0 | D:1      | 0 ||| qw: Allow faded altars: false
     0 | D:1      | 0 ||| qw: Do Orc after clearing Dungeon:15 true
     0 | D:1      | 0 ||| qw: Do second Lair branch before Depths: true
     0 | D:1      | 0 ||| qw: Lair rune preference: random
     0 | D:1      | 0 ||| qw: Goals: Normal
     0 | D:1      | 0 ||| PLANNING D:1-11
   107 | D:1      | Reached skill level 4 in Ranged Weapons
   121 | D:1      | Reached XP level 2. HP: 12/24 MP: 4/4
   974 | D:1      | 974 ||| UPGRADING to +0 ring mail.
   984 | D:1      | 984 ||| DROPPING +0 leather armour.
   985 | D:1      | 985 ||| READING 3 scrolls labelled PYCVEORGHAMP.
   985 | D:1      | 985 ||| IDENTIFYING fizzy orange potion
   986 | D:1      | 986 ||| READING 2 scrolls of identify.
   986 | D:1      | 986 ||| IDENTIFYING viscous blue potion
   987 | D:1      | 987 ||| READING scroll of identify.
   987 | D:1      | 987 ||| IDENTIFYING inky potion
   988 | D:1      | 988 ||| READING scroll labelled LAACSI XOYCH.
   989 | D:1      | 989 ||| DRINKING 2 fizzy silvery potions.
  1038 | D:1      | 1038 ||| DRINKING 2 sedimented yellow potions.
  1039 | D:1      | 1039 ||| DRINKING 2 glowing emerald potions.
  1040 | D:1      | 1040 ||| DROPPING scroll of butterflies.
  1041 | D:1      | 1041 ||| DROPPING potion of attraction.
  1042 | D:1      | 1042 ||| DROPPING potion of lignification.
  1043 | D:1      | 1043 ||| DROPPING potion of magic.
  1044 | D:1      | 1044 ||| DROPPING potion of degeneration.
  1126 | D:2      | Reached XP level 3. HP: 29/29 MP: 5/5
  1696 | D:2      | Reached skill level 5 in Ranged Weapons
  1766 | D:2      | 1766 ||| READING 2 scrolls of identify.
  1766 | D:2      | 1766 ||| IDENTIFYING 2 fizzy grey potions
  1767 | D:2      | 1767 ||| READING scroll of identify.
  1767 | D:2      | 1767 ||| IDENTIFYING scroll labelled HOOPIKH REWUMA
  1768 | D:2      | 1768 ||| DROPPING 2 potions of brilliance.
  1769 | D:2      | 1769 ||| DROPPING scroll of amnesia.
  2060 | D:3      | 2060 ||| SWAPPING to +0 orcbow.
  2070 | D:3      | 2070 ||| DROPPING +0 shortbow.
  2089 | D:3      | Found Varik's Distillery.
  2094 | D:3      | 2094 ||| BUYING 2 potions of curing (66 gold).
  2094 | D:3      | Bought 2 potions of curing for 66 gold pieces
  2094 | D:3      | 2094 ||| BUYING potion of curing (33 gold).
  2094 | D:3      | Bought a potion of curing for 33 gold pieces
  2094 | D:3      | 2094 ||| SHOPLISTING potion of haste (110 gold, have 7).
  2094 | D:3      | 2094 ||| SHOPLISTING potion of heal wounds (55 gold, have
                  | 7).
  2094 | D:3      | 2094 ||| SHOPLISTING potion of might (44 gold, have 7).
  2094 | D:3      | 2094 ||| SHOPLISTING potion of mutation (88 gold, have 7).
  2308 | D:3      | Reached skill level 1 in Armour
  2308 | D:3      | Reached XP level 4. HP: 32/36 MP: 6/6
  2410 | D:3      | 2410 ||| READING scroll labelled UCYGIT SAIFF.
  2410 | D:3      | 2410 ||| ENCHANTING +0 orcbow.
  2411 | D:3      | 2411 ||| READING 3 scrolls labelled RUEFYD IZISA.
  2412 | D:3      | 2412 ||| READING scroll labelled VETEHY JIAWAY.
  2413 | D:3      | 2413 ||| DROPPING 2 scrolls of blinking.
  2630 | D:4      | Noticed Edmund
  2631 | D:4      | 2631 ||| READING scroll labelled AQOURU HUVVY.
  2773 | D:4      | Noticed an ogre
  2774 | D:4      | 2774 ||| DRINKING potion of haste.
  2779 | D:4      | Killed an ogre
  2780 | D:4      | Reached skill level 6 in Ranged Weapons
  2780 | D:4      | Reached XP level 5. HP: 41/41 MP: 7/7
  3243 | D:4      | 3243 ||| UPGRADING to +0 cloak.
  3248 | D:4      | 3248 ||| READING scroll of identify.
  3248 | D:4      | 3248 ||| IDENTIFYING scroll labelled HACLAN FYHIXOME
  3249 | D:4      | 3249 ||| DROPPING scroll of silence.
  3260 | D:5      | Entered Level 5 of the Dungeon
  3275 | D:5      | Noticed a sky beast
  3297 | D:5      | HP: 8/44 [something (5)]
  3300 | D:5      | Killed a sky beast
  3301 | D:5      | Reached skill level 3 in Fighting
  3301 | D:5      | Reached XP level 6. HP: 10/52 MP: 8/8
  3640 | D:5      | Reached skill level 3 in Dodging
  3641 | D:5      | HP: 7/52 [gnoll/+0 halberd[a gnoll bouda] (8)]
  4057 | D:5      | Found a staircase to the Ecumenical Temple.
  4082 | D:5      | Reached XP level 7. HP: 53/58 MP: 9/9
  4157 | D:5      | Reached skill level 7 in Ranged Weapons
  4904 | D:5      | 4904 ||| READING scroll of identify.
  4904 | D:5      | 4904 ||| IDENTIFYING silvery potion
  4943 | D:6      | 4943 ||| RETREEEEATING.
  4944 | D:6      | 4944 ||| RETREEEEATING.
  4945 | D:6      | 4945 ||| RETREEEEATING.
  4946 | D:6      | 4946 ||| RETREEEEATING.
  4948 | D:6      | 4948 ||| RETREEEEATING.
  4949 | D:6      | 4949 ||| RETREEEEATING.
  4953 | D:6      | 4953 ||| RETREEEEATING.
  4954 | D:6      | 4954 ||| RETREEEEATING.
  4955 | D:6      | 4955 ||| RETREEEEATING.
  4960 | D:6      | HP: 10/58 [scorpion (5)]
  4961 | D:6      | 4961 ||| DRINKING potion of heal wounds.
  4966 | D:6      | HP: 8/58 [ice beast (7)]
  4969 | D:6      | Reached skill level 8 in Ranged Weapons
  5187 | D:6      | Reached XP level 8. HP: 52/66 MP: 10/10
  5245 | D:6      | Noticed Jeremiah
  5246 | D:6      | 5246 ||| ZAPPING wand of quicksilver (10) at -2,-4
                  | (Jeremiah; floor).
  5247 | D:6      | 5247 ||| ZAPPING wand of quicksilver (9) at -1,-4
                  | (Jeremiah; floor).
  5248 | D:6      | 5248 ||| ZAPPING wand of quicksilver (8) at -1,-4
                  | (Jeremiah; floor).
  5249 | D:6      | 5249 ||| ZAPPING wand of quicksilver (7) at -1,-4
                  | (Jeremiah; floor).
  5249 | D:6      | Killed Jeremiah
  5250 | D:6      | Reached skill level 9 in Ranged Weapons
  5531 | D:6      | Noticed Maggie
  5532 | D:6      | 5532 ||| ZAPPING wand of quicksilver (6) at -6,-1 (Maggie;
                  | floor).
  5533 | D:6      | 5533 ||| FLEEEEING.
  5534 | D:6      | 5534 ||| FLEEEEING.
  5535 | D:6      | 5535 ||| FLEEEEING.
  5536 | D:6      | 5536 ||| FLEEEEING.
  5537 | D:6      | 5537 ||| FLEEEEING.
  5538 | D:6      | 5538 ||| ZAPPING wand of quicksilver (5) at -7,1 (Maggie;
                  | floor).
  5539 | D:6      | 5539 ||| ZAPPING wand of quicksilver (4) at -6,1 (Maggie;
                  | floor).
  5540 | D:6      | 5540 ||| ZAPPING wand of quicksilver (3) at -5,1 (Maggie;
                  | floor).
  5541 | D:6      | 5541 ||| ZAPPING wand of quicksilver (2) at -4,1 (Maggie;
                  | floor).
  5542 | D:6      | 5542 ||| ZAPPING wand of quicksilver (1) at -4,1 (Maggie;
                  | floor).
  5542 | D:6      | Killed Maggie
  5740 | D:6      | 5740 ||| RETREEEEATING.
  5750 | D:6      | Noticed Pikel
  5754 | D:6      | Killed Pikel
  6174 | D:6      | Reached XP level 9. HP: 75/75 MP: 11/11
  6543 | D:6      | 6543 ||| UPGRADING to +0 acid dragon scales.
  6553 | D:6      | 6553 ||| DROPPING +0 ring mail.
  6554 | D:6      | 6554 ||| UPGRADING to +1 helmet.
  6559 | D:6      | 6559 ||| READING scroll of identify.
  6559 | D:6      | 6559 ||| IDENTIFYING fizzy white potion
  6560 | D:6      | 6560 ||| READING 2 scrolls labelled MENOHYALAQ.
  6661 | D:6      | 6661 ||| DROPPING wand of flame (30).
  6662 | D:6      | 6662 ||| DROPPING scroll of vulnerability.
  6836 | D:7      | Reached skill level 10 in Ranged Weapons
  6847 | D:7      | HP: 15/75 [yak (8)]
  6848 | D:7      | 6848 ||| READING scroll of teleportation.
  6852 | D:7      | Reached skill level 6 in Dodging
  7256 | D:7      | Reached skill level 6 in Fighting
  7391 | D:7      | Reached skill level 3 in Armour
  7561 | D:7      | 7561 ||| READING scroll labelled ZOGUED NUVVIET.
  7561 | D:7      | 7561 ||| ENCHANTING +0 acid dragon scales.
  7615 | D:8      | Found a flagged portal.
  7742 | D:8      | 7742 ||| Stepping ~*~*~tactically~*~*~ (cloud).
  7743 | D:8      | 7743 ||| Stepping ~*~*~tactically~*~*~ (cloud).
  8013 | D:8      | 8013 ||| DROPPING ring of flight.
  8138 | D:9      | 8138 ||| Stepping ~*~*~tactically~*~*~ (cloud).
  8143 | D:9      | 8143 ||| Stepping ~*~*~tactically~*~*~ (cloud).
  8288 | D:9      | Found Uveunlilit's Antique Weapon Shoppe.
  8292 | D:9      | 8292 ||| BUYING arbalest (112 gold).
  8292 | D:9      | Bought an arbalest for 112 gold pieces
  8292 | D:9      | 8292 ||| BUYING glowing orcbow (162 gold).
  8292 | D:9      | Bought a glowing orcbow for 162 gold pieces
  8292 | D:9      | 8292 ||| SWAPPING to +6 orcbow of freezing.
  8293 | D:9      | 8293 ||| DROPPING +1 orcbow.
  8294 | D:9      | 8294 ||| DROPPING +0 arbalest.
  8451 | D:9      | 8451 ||| READING scroll of enchant weapon.
  8451 | D:9      | 8451 ||| ENCHANTING +6 orcbow of freezing.
  8612 | D:9      | Reached skill level 11 in Ranged Weapons
  8612 | D:9      | Reached XP level 10. HP: 83/83 MP: 13/13
  9061 | D:9      | 9061 ||| READING 3 scrolls of identify.
  9061 | D:9      | 9061 ||| IDENTIFYING fuming dark potion
  9062 | D:9      | 9062 ||| READING 2 scrolls of identify.
  9062 | D:9      | 9062 ||| IDENTIFYING scroll labelled MUP TUTITO
  9063 | D:9      | 9063 ||| DROPPING scroll of noise.
  9138 | D:10     | Entered Level 10 of the Dungeon
  9145 | D:10     | 9145 ||| RETREEEEATING.
  9146 | D:10     | 9146 ||| RETREEEEATING.
  9147 | D:10     | 9147 ||| RETREEEEATING.
  9148 | D:10     | 9148 ||| RETREEEEATING.
  9504 | D:10     | Found a staircase to the Lair.
  9522 | D:10     | Reached skill level 12 in Ranged Weapons
  9548 | D:10     | 9548 ||| READING scroll of enchant armour.
  9548 | D:10     | 9548 ||| ENCHANTING +1 acid dragon scales.
  9822 | D:10     | 9822 ||| RETREEEEATING.
  9823 | D:10     | 9823 ||| RETREEEEATING.
  9825 | D:10     | 9825 ||| RETREEEEATING.
  9826 | D:10     | 9826 ||| RETREEEEATING.
  9827 | D:10     | 9827 ||| STAIRDANCE
  9834 | D:9      | 9834 ||| UPGRADING to +0 pair of boots.
  9839 | D:9      | 9839 ||| UPGRADING to +6 ring of dexterity.
  9933 | D:11     | 9933 ||| STAIRDANCE
  9943 | D:11     | 9943 ||| STAIRDANCE
  9957 | D:11     | 9957 ||| STAIRDANCE
 10093 | D:11     | Identified the +0 battleaxe "Xulamej" {flame, rPois Stlth+}
 10116 | D:11     | Noticed a manticore
 10120 | D:11     | Killed a manticore
 10142 | D:11     | Identified the amulet "Daideloll" {Reflect rC+ rN++ SH+5}
 10148 | D:11     | Found a runed translucent door.
 10151 | D:11     | Noticed an eight-headed hydra
 10151 | D:11     | Noticed qw's ghost (journeyman DjHu)
 10790 | D:11     | 10790 ||| PLANNING LAIR
 10790 | D:11     | 10790 ||| UPGRADING to amulet "Daideloll" {Reflect rC+ rN++
                  | SH+5}.
 10795 | D:11     | 10795 ||| READING 3 scrolls of identify.
 10795 | D:11     | 10795 ||| IDENTIFYING scroll labelled OXEQESTROTT
 10796 | D:11     | 10796 ||| DROPPING scroll of summoning.
 10847 | Lair:1   | Entered Level 1 of the Lair of Beasts
 10891 | Lair:1   | Reached XP level 11. HP: 92/92 MP: 14/14
 11297 | Lair:1   | Reached skill level 13 in Ranged Weapons
 11511 | Lair:1   | 11511 ||| RETREEEEATING.
 11513 | Lair:1   | 11513 ||| RETREEEEATING.
 11515 | Lair:1   | 11515 ||| RETREEEEATING.
 11517 | Lair:1   | 11517 ||| RETREEEEATING.
 11519 | Lair:1   | 11519 ||| RETREEEEATING.
 11520 | Lair:1   | 11520 ||| RETREEEEATING.
 11521 | Lair:1   | 11521 ||| RETREEEEATING.
 11522 | Lair:1   | 11522 ||| RETREEEEATING.
 11525 | Lair:1   | 11525 ||| RETREEEEATING.
 11534 | Lair:1   | Reached skill level 9 in Dodging
 11685 | Lair:1   | 11685 ||| RETREEEEATING.
 11946 | Lair:1   | 11946 ||| UPGRADING to +4 ring of protection.
 12112 | Lair:2   | 12112 ||| RETREEEEATING.
 12113 | Lair:2   | 12113 ||| RETREEEEATING.
 12187 | Lair:2   | 12187 ||| RETREEEEATING.
 12334 | Lair:2   | Reached skill level 14 in Ranged Weapons
 12487 | Lair:2   | Reached XP level 12. HP: 94/101 MP: 15/15
 12540 | Lair:2   | Found a staircase to the Snake Pit.
 12914 | Lair:2   | 12914 ||| DROPPING amulet of magic regeneration.
 13124 | Lair:3   | 13124 ||| RETREEEEATING.
 13126 | Lair:3   | 13126 ||| RETREEEEATING.
 13127 | Lair:3   | 13127 ||| RETREEEEATING.
 13127 | Lair:3   | Noticed a five-headed hydra
 13128 | Lair:3   | 13128 ||| DRINKING potion of haste.
 13129 | Lair:3   | 13129 ||| RETREEEEATING.
 13130 | Lair:3   | 13130 ||| RETREEEEATING.
 13131 | Lair:3   | 13131 ||| RETREEEEATING.
 13132 | Lair:3   | 13132 ||| RETREEEEATING.
 13133 | Lair:3   | 13133 ||| RETREEEEATING.
 13134 | Lair:3   | 13134 ||| RETREEEEATING.
 13135 | Lair:3   | 13135 ||| RETREEEEATING.
 13136 | Lair:3   | 13136 ||| RETREEEEATING.
 13137 | Lair:3   | 13137 ||| RETREEEEATING.
 13138 | Lair:3   | 13138 ||| RETREEEEATING.
 13139 | Lair:3   | 13139 ||| RETREEEEATING.
 13140 | Lair:3   | 13140 ||| RETREEEEATING.
 13141 | Lair:3   | 13141 ||| RETREEEEATING.
 13150 | Lair:3   | 13150 ||| RETREEEEATING.
 13162 | Lair:3   | Killed a five-headed hydra
 13176 | Lair:3   | Noticed an eight-headed hydra
 13181 | Lair:3   | Killed an eight-headed hydra
 13224 | Lair:3   | Found a transporter.
 13226 | Lair:3   | 13226 ||| RETREEEEATING.
 13227 | Lair:3   | 13227 ||| RETREEEEATING.
 13228 | Lair:3   | 13228 ||| RETREEEEATING.
 13229 | Lair:3   | 13229 ||| READING 2 scrolls of teleportation.
 13230 | Lair:3   | 13230 ||| RETREEEEATING.
 13231 | Lair:3   | 13231 ||| RETREEEEATING.
 13232 | Lair:3   | 13232 ||| RETREEEEATING.
 13233 | Lair:3   | 13233 ||| RETREEEEATING.
 13298 | Lair:3   | 13298 ||| RETREEEEATING.
 13299 | Lair:3   | 13299 ||| RETREEEEATING.
 13300 | Lair:3   | 13300 ||| RETREEEEATING.
 13301 | Lair:3   | 13301 ||| RETREEEEATING.
 13302 | Lair:3   | 13302 ||| RETREEEEATING.
 13303 | Lair:3   | 13303 ||| RETREEEEATING.
 13304 | Lair:3   | 13304 ||| RETREEEEATING.
 13305 | Lair:3   | 13305 ||| RETREEEEATING.
 13306 | Lair:3   | 13306 ||| RETREEEEATING.
 13307 | Lair:3   | 13307 ||| RETREEEEATING.
 13308 | Lair:3   | 13308 ||| RETREEEEATING.
 13309 | Lair:3   | 13309 ||| RETREEEEATING.
 13310 | Lair:3   | 13310 ||| RETREEEEATING.
 13311 | Lair:3   | 13311 ||| RETREEEEATING.
 13312 | Lair:3   | 13312 ||| RETREEEEATING.
 13313 | Lair:3   | 13313 ||| RETREEEEATING.
 13321 | Lair:3   | Reached skill level 15 in Ranged Weapons
 13489 | Lair:3   | 13489 ||| RETREEEEATING.
 13490 | Lair:3   | 13490 ||| RETREEEEATING.
 13491 | Lair:3   | 13491 ||| RETREEEEATING.
 13494 | Lair:3   | 13494 ||| RETREEEEATING.
 13498 | Lair:3   | 13498 ||| RETREEEEATING.
 13499 | Lair:3   | 13499 ||| RETREEEEATING.
 13500 | Lair:3   | 13500 ||| RETREEEEATING.
 13502 | Lair:3   | 13502 ||| RETREEEEATING.
 13503 | Lair:3   | 13503 ||| RETREEEEATING.
 13504 | Lair:3   | 13504 ||| RETREEEEATING.
 13505 | Lair:3   | 13505 ||| RETREEEEATING.
 13506 | Lair:3   | 13506 ||| RETREEEEATING.
 13507 | Lair:3   | 13507 ||| RETREEEEATING.
 13511 | Lair:3   | 13511 ||| RETREEEEATING.
 13512 | Lair:3   | 13512 ||| RETREEEEATING.
 13513 | Lair:3   | 13513 ||| RETREEEEATING.
 13514 | Lair:3   | 13514 ||| RETREEEEATING.
 13515 | Lair:3   | 13515 ||| RETREEEEATING.
 13516 | Lair:3   | 13516 ||| RETREEEEATING.
 13517 | Lair:3   | 13517 ||| RETREEEEATING.
 13518 | Lair:3   | 13518 ||| RETREEEEATING.
 13519 | Lair:3   | 13519 ||| RETREEEEATING.
 13520 | Lair:3   | 13520 ||| RETREEEEATING.
 13521 | Lair:3   | 13521 ||| RETREEEEATING.
 13522 | Lair:3   | 13522 ||| RETREEEEATING.
 13523 | Lair:3   | 13523 ||| RETREEEEATING.
 13524 | Lair:3   | 13524 ||| RETREEEEATING.
 13525 | Lair:3   | 13525 ||| RETREEEEATING.
 13526 | Lair:3   | 13526 ||| RETREEEEATING.
 13527 | Lair:3   | 13527 ||| RETREEEEATING.
 13528 | Lair:3   | 13528 ||| RETREEEEATING.
 13529 | Lair:3   | 13529 ||| RETREEEEATING.
 13530 | Lair:3   | 13530 ||| RETREEEEATING.
 13531 | Lair:3   | 13531 ||| RETREEEEATING.
 13532 | Lair:3   | 13532 ||| RETREEEEATING.
 13533 | Lair:3   | 13533 ||| RETREEEEATING.
 13534 | Lair:3   | 13534 ||| RETREEEEATING.
 13535 | Lair:3   | 13535 ||| RETREEEEATING.
 13536 | Lair:3   | 13536 ||| RETREEEEATING.
 13537 | Lair:3   | 13537 ||| RETREEEEATING.
 13538 | Lair:3   | 13538 ||| RETREEEEATING.
 13539 | Lair:3   | 13539 ||| RETREEEEATING.
 13540 | Lair:3   | 13540 ||| RETREEEEATING.
 13541 | Lair:3   | 13541 ||| RETREEEEATING.
 13548 | Lair:3   | 13548 ||| RETREEEEATING.
 13549 | Lair:3   | 13549 ||| RETREEEEATING.
 13551 | Lair:3   | 13551 ||| RETREEEEATING.
 13552 | Lair:3   | 13552 ||| RETREEEEATING.
 13553 | Lair:3   | 13553 ||| RETREEEEATING.
 13554 | Lair:3   | 13554 ||| RETREEEEATING.
 13555 | Lair:3   | 13555 ||| RETREEEEATING.
 13556 | Lair:3   | 13556 ||| RETREEEEATING.
 13557 | Lair:3   | 13557 ||| RETREEEEATING.
 13570 | Lair:3   | Reached skill level 9 in Fighting
 13666 | Lair:3   | Found a transporter.
 13744 | Lair:3   | Found a staircase to the Shoals.
 13912 | Lair:4   | 13912 ||| RETREEEEATING.
 13913 | Lair:4   | 13913 ||| RETREEEEATING.
 13966 | Lair:4   | Reached XP level 13. HP: 111/111 MP: 16/16
 14487 | Lair:4   | Reached skill level 16 in Ranged Weapons
 14734 | Lair:4   | 14734 ||| READING 5 scrolls of identify.
 14734 | Lair:4   | 14734 ||| IDENTIFYING bubbling orange potion
 14735 | Lair:4   | 14735 ||| READING 4 scrolls of identify.
 14735 | Lair:4   | 14735 ||| IDENTIFYING scroll labelled MUDAAXZ LOSMIA
 14735 | Lair:4   | Identified a scroll of acquirement
 14736 | Lair:4   | 14736 ||| READING scroll of acquirement.
 14736 | Lair:4   | 14736 ||| ACQUIRING +4 longbow of freezing
 14736 | Lair:4   | Acquired a +4 longbow of freezing
 14738 | Lair:4   | 14738 ||| SWAPPING to +4 longbow of freezing.
 14739 | Lair:4   | 14739 ||| DROPPING +7 orcbow of freezing.
 14740 | Lair:4   | 14740 ||| DROPPING potion of berserk rage.
 14756 | Lair:5   | Entered Level 5 of the Lair of Beasts
 14766 | Lair:5   | 14766 ||| FLEEEEING.
 14859 | Lair:5   | 14859 ||| FLEEEEING.
 14873 | Lair:5   | 14873 ||| FLEEEEING.
 14874 | Lair:5   | 14874 ||| FLEEEEING.
 14875 | Lair:5   | 14875 ||| FLEEEEING.
 14876 | Lair:5   | 14876 ||| FLEEEEING.
 14877 | Lair:5   | 14877 ||| FLEEEEING.
 14878 | Lair:5   | 14878 ||| FLEEEEING.
 14884 | Lair:5   | 14884 ||| FLEEEEING.
 14885 | Lair:5   | 14885 ||| FLEEEEING.
 14886 | Lair:5   | 14886 ||| FLEEEEING.
 14887 | Lair:5   | 14887 ||| FLEEEEING.
 14889 | Lair:5   | 14889 ||| FLEEEEING.
 14891 | Lair:5   | 14891 ||| RETREEEEATING.
 14892 | Lair:5   | 14892 ||| RETREEEEATING.
 14900 | Lair:5   | 14900 ||| RETREEEEATING.
 14901 | Lair:5   | 14901 ||| RETREEEEATING.
 14902 | Lair:5   | 14902 ||| RETREEEEATING.
 14903 | Lair:5   | 14903 ||| RETREEEEATING.
 14904 | Lair:5   | 14904 ||| RETREEEEATING.
 14905 | Lair:5   | 14905 ||| RETREEEEATING.
 14906 | Lair:5   | 14906 ||| RETREEEEATING.
 14907 | Lair:5   | 14907 ||| RETREEEEATING.
 14910 | Lair:5   | HP: 21/111 [eight-headed hydra (9)]
 14911 | Lair:5   | 14911 ||| READING 4 scrolls of teleportation.
 14911 | Lair:5   | HP: 10/111 [eight-headed hydra (11)]
 14912 | Lair:5   | 14912 ||| DRINKING potion of heal wounds.
 14916 | Lair:5   | 14916 ||| READING 3 scrolls of teleportation.
 14920 | Lair:5   | 14920 ||| READING 2 scrolls of teleportation.
 14923 | Lair:5   | 14923 ||| READING scroll of teleportation.
 14924 | Lair:5   | HP: 18/111 [eight-headed hydra (5)]
 14924 | Lair:5   | HP: 1/111 [eight-headed hydra (8)]
 14925 | Lair:5   | Slain by an eight-headed hydra

Levels and vault maps discovered:
D:1:      reono_arrival_forest_river, layout_loops_corners, minmay_hexomino_c4
D:2:      layout_loops_ring, kennysheep_generic_room_16
D:3:      layout_loops_ring, lemuel_round_altar, serial_shops,
          nicolae_shop_rolling_square, serial_bayou_pond_c,
          nicolae_concentric_dashed_squares_wild
D:4:      minmay_inner_zag, layout_basic, amcnicky_altar_gilded,
          nicolae_vehumet_radiance, uniq_edmund
D:5:      layout_layer_cave, mainiacjoe_overflow_alcove_1,
          grunt_temple_overflow_cloverleaf, minmay_temple_entry_overgrown
D:6:      layout_layer_cave, minmay_fractal_squares_diagonal_5, uniq_jeremiah,
          uniq_maggie, uniq_pikel
D:7:      layout_loops_ring, fedhas_bush_and_centaur_altar,
          serial_park_tiny_pond
D:8:      layout_basic, nicolae_kikubaaqudgha_miasma_corner, enter_bailey_5
D:9:      layout_stronghold, kennysheep_mini_moat, serial_shops, shop
D:10:     layout_cave_pools, pdpol_wu_jian_five_deadly_venoms, lair_entry_dummy,
          minmay_misc_feat_rows
D:11:     layout_cave_pods, ebering_ghost_inner_flame
Lair:1:   layout_layer_cave
Lair:2:   beast_lair_carwin_large_2, layout_cave_pods,
          minmay_snake_entry_guardpost_small, basic_altar, st_stairs_8
Lair:3:   gammafunk_cloud_chamber, layout_regular_city, minmay_shoals_entry_hut
Lair:4:   layout_cave_pods, grunt_megastairs_2
Lair:5:   minmay_lair_end_frog_pond, layout_layer_cave, slime_entry_1,
          infiniplex_staircase_pool

Skill      XL: |  1  2  3  4  5  6  7  8  9 10 11 12 13 |
---------------+----------------------------------------+-----
Ranged Weapons | 4 5 6 8 9 11 12 14 15 16 | 16.5
Fighting       | 2 3 4 5 6 7 8 9 |  9.1
Armour         | 1 2 3 4 5 |  5.0
Dodging        | 2 3 4 6 8 9 11 | 11.0
Stealth        | |  0.8

Action                     |  1- 3 |  4- 6 |  7- 9 | 10-12 | 13-15 || total
---------------------------+-------+-------+-------+-------+-------++-------
   Fire: Shortbow          |   175 |       |       |       |       ||   175
         Orcbow            |    22 |   137 |   245 |   572 |    61 ||  1037
         Longbow           |       |       |       |       |    50 ||    50
  Evoke: Wand              |       |       |    10 |       |       ||    10
    Use: Scroll            |     6 |     5 |     6 |     5 |     7 ||    29
         Potion            |     3 |     1 |     1 |     1 |     1 ||     7
 Armour: Leather armour    |    38 |       |       |       |       ||    38
         Ring mail         |    27 |    64 |    47 |       |       ||   138
         Acid dragon scale |       |       |    29 |    74 |    43 ||   146
  Dodge: Dodged            |    70 |    39 |    70 |   235 |    78 ||   492
  Block: Other             |       |       |       |    36 |    10 ||    46

Table legend:
 A = Non-vault XP
 B = Vault XP
 C = Vault XP percentage of total XP
 D = Non-vault monster count
 E = Vault monster count
 F = Vault count percentage of total count
                 A         B        C        D         E       F
            +---------+---------+-------+---------+---------+-------
      Total |   46558 |    8788 |  15.9 |     307 |      59 |  16.1
            +---------+---------+-------+---------+---------+-------
        D:1 |      34 |       9 |  20.9 |      20 |       6 |  23.1
        D:2 |      34 |      19 |  35.8 |      21 |       3 |  12.5
        D:3 |      24 |       0 |   0.0 |       9 |       0 |   0.0
        D:4 |      97 |     197 |  67.0 |      16 |       5 |  23.8
        D:5 |     702 |       0 |   0.0 |      18 |       0 |   0.0
        D:6 |     590 |    1811 |  75.4 |      11 |      10 |  47.6
        D:7 |    1724 |     115 |   6.3 |      18 |       1 |   5.3
        D:8 |     703 |       8 |   1.1 |      17 |       4 |  19.0
        D:9 |    1617 |       0 |   0.0 |      22 |       0 |   0.0
       D:10 |    2881 |       0 |   0.0 |      22 |       0 |   0.0
       D:11 |    2358 |       0 |   0.0 |      13 |       0 |   0.0
     Lair:1 |    6279 |       0 |   0.0 |      28 |       0 |   0.0
     Lair:2 |    6473 |    1538 |  19.2 |      27 |      12 |  30.8
     Lair:3 |   13438 |     437 |   3.1 |      43 |       2 |   4.4
     Lair:4 |    8438 |    1659 |  16.4 |      19 |       7 |  26.9
     Lair:5 |    1166 |    2995 |  72.0 |       3 |       9 |  75.0
            +---------+---------+-------+---------+---------+-------
